 Dungeon Crawl Stone Soup version 0.28-a0-883-gc8d7bad45d (webtiles) character file.

Game seed: 10780055007581257585

181 horus123 the Chiller (level 5, -1/28 HPs)
             Began as a Deep Elf Ice Elementalist on Nov 21, 2021.
             Slain by an orc priest (5 damage)
             ... on level 4 of the Dungeon.
             The game lasted 00:07:47 (4019 turns).

horus123 the Chiller (Deep Elf Ice Elementalist)    Turns: 4019, Time: 00:07:47

Health: -1/28      AC:  4    Str:  5    XL:     5   Next: 34%
Magic:  6/14       EV: 12    Int: 21    God:
Gold:   84         SH:  0    Dex: 15    Spells: 2/13 levels left

rFire   . . .      SeeInvis .   j - +1 dagger (elec)
rCold   + . .      Faith    .   (no shield)
rNeg    . . .      Spirit   .   k - +1 leather armour {rC+}
rPois   .          Reflect  .   (no helmet)
rElec   .          Harm     .   (no cloak)
rCorr   .          Rampage  .   (no gloves)
Will    .....                   (no boots)
Stlth   ++........              (no amulet)
HPRegen 0.09/turn               (no ring)
MPRegen 0.14/turn               (no ring)

@: freezing walls, very slightly contaminated
A: no striking features
a: no special abilities


You were on level 4 of the Dungeon.
You visited 1 branch of the dungeon, and saw 4 of its levels.

You collected 84 gold pieces.

Inventory:

Hand Weapons
 c - a +0 dagger
 g - a +0 short sword
 j - a +1 dagger of electrocution (weapon)
Armour
 a - a +2 robe
 k - a +1 leather armour of cold resistance (worn)
Jewellery
 m - an amulet of guardian spirit
Scrolls
 d - a scroll of noise
 h - a scroll of torment
 l - a scroll of holy word
Potions
 b - 2 potions of lignification
 e - a potion of berserk rage {unknown}
 f - a potion of flight
 i - 2 potions of resistance {unknown}
 n - 2 potions of curing {unknown}


   Skills:
 - Level 0.8 Fighting
 - Level 0.5 Short Blades
 + Level 1.6 Armour
 - Level 2.7 Dodging
 - Level 2.8 Stealth
 - Level 4.6 Spellcasting
 - Level 5.5 Ice Magic


You had 2 spell levels left.
You knew the following spells:

 Your Spells              Type           Power      Damage    Failure   Level
a - Freeze                Ice            100%       1d11      1%          1
b - Frozen Ramparts       Ice            56%        1d7       5%          3
c - Ozocubu's Armour      Ice            28%        N/A       5%          3
d - Hailstorm             Conj/Ice       16%        3d6       50%         4

Your spell library contained the following spells:

 Spells                   Type           Power      Damage    Failure   Level


Dungeon Overview and Level Annotations

Branches:
Dungeon (4/15)
 Temple: D:4-7

Altars:


Message History

You freeze the orc.
The orc is severely wounded.
The orc priest looks encouraged for a moment.
The orc priest invokes the aid of Beogh against you.
Beogh smites you!
Ouch! That really hurt!
The orc hits you with a +0 flail.
You are too injured to fight recklessly!
Aiming: Freeze (safe; 1% risk of failure)
Press: ? - help, Q - select action Shift-Dir - straight line, f/p - orc
Aim: an orc, wielding a +0 flail (severely wounded)
You freeze the orc.
You kill the orc!
The orc priest looks braver for a moment.
Hit: j) +1 dagger (elec)
Press: ? - help, Dir - move target, f - you
Okay, then.
Casting: Freeze (safe; 1% risk of failure)
Confirm with . or Enter, or press ? or * to list all spells.
The spell is quite dangerous to cast (5% risk of failure)!
Continue anyway?
Okay, then.
Casting: Frozen Ramparts (quite dangerous; 5% risk of failure)
Confirm with . or Enter, or press ? or * to list all spells.
The spell is quite dangerous to cast (5% risk of failure)!
Continue anyway?
Casting: Frozen Ramparts (quite dangerous; 5% risk of failure)
Press: ? - help, Dir - look around, f - activate The walls around you are covered in ice.
The wall freezes the orc priest.
The orc priest hits you with a +0 flail!
* * * LOW HITPOINT WARNING * * *
The wall freezes the orc priest.
Aiming: Freeze (safe; 1% risk of failure)
Press: ? - help, Q - select action Shift-Dir - straight line, f - orc priest
Aim: an orc priest, wielding a +0 flail (lightly wounded)
You miscast Freeze.
You are very lightly contaminated with residual magic.
Nothing appears to happen.
The wall freezes the orc priest.
The orc priest hits you with a +0 flail.
You die...

# #. ##.#
#...## ###
#.#$###
..##.....###.#
#.###..@oo..#
#.#.#..###.#
#<##..#
####..# ....
###.## ..# ###


You could see 2 orc priests.

Vanquished Creatures
  A jelly (D:3)
  2 orc priests (D:3)
  3 adders
  A worm (D:2)
  A dart slug (D:2)
  10 orcs
  9 ball pythons
  3 endoplasms
  A giant cockroach (D:1)
  4 goblins
  A hobgoblin (D:2)
  4 quokkas
  8 bats
  A frilled lizard (D:1)
  3 kobolds
52 creatures vanquished.

Notes
Turn   | Place    | Note
-------+----------+-------------------------------------------
     0 | D:1      | horus123 the Deep Elf Ice Elementalist began the quest for
                  | the Orb.
     0 | D:1      | Reached XP level 1. HP: 10/10 MP: 6/6
   320 | D:1      | Reached XP level 2. HP: 9/15 MP: 1/8
   550 | D:1      | Found a faded altar of an unknown god.
  1388 | D:2      | Reached skill level 5 in Ice Magic
  1670 | D:2      | Reached XP level 3. HP: 16/20 MP: 2/9
  1674 | D:2      | Learned a level 3 spell: Frozen Ramparts
  1766 | D:2      | Learned a level 3 spell: Ozocubu's Armour
  2486 | D:3      | Reached XP level 4. HP: 6/24 MP: 3/12
  3196 | D:3      | Reached XP level 5. HP: 28/28 MP: 11/14
  3291 | D:3      | Learned a level 4 spell: Hailstorm
  3312 | D:3      | Reached skill level 1 in Armour
  4019 | D:4      | Slain by an orc priest

Illustrated notes

Levels and vault maps discovered:
D:1:      nzn_arrival_depleted_hourglass, layout_loops_ring,
          hellmonk_ecumenical_altar_heavens_door
D:2:      layout_loops_ring, chequers_serial_rivers_room_b
D:3:      cheibrodos_pilgrimage, layout_basic
D:4:      layout_loops_ring, serial_bayou_ford_a,
          hangedman_abyss_or_decor_stagger, minmay_fire_ice_demons

Skill      XL: |  1  2  3  4  5 |
---------------+----------------+-----
Ice Magic      | 5 |  5.5
Spellcasting   | 4 |  4.6
Armour         | 1 |  1.6
Fighting       | |  0.8
Short Blades   | |  0.5
Dodging        | |  2.7
Stealth        | |  2.8

Action                   |  1- 3 |  4- 6 || total
-------------------------+-------+-------++-------
Melee: Dagger            |     4 |       ||     4
       Unarmed           |     1 |       ||     1
       Short sword       |    22 |     3 ||    25
 Cast: Freeze            |    43 |    27 ||    70
       Frozen Ramparts   |     2 |     2 ||     4
       Ozocubu's Armour  |       |     1 ||     1
  Use: Scroll            |     7 |     2 ||     9
 Stab: Sleeping          |     7 |     1 ||     8
Armor: Robe              |     8 |       ||     8
       Leather armour    |     2 |     2 ||     4
Dodge: Dodged            |    41 |    19 ||    60

Table legend: (Time is in decaauts)
 A = Elapsed time spent in this place.
 B = Non-inter-level travel time spent in this place.
 C = Inter-level travel time spent in this place.
 D = Time resting spent in this place.
 E = Time spent auto-exploring this place.
 F = Levels seen in this place.
 G = Mean time per level.
                   A        B        C        D        E       F      G
               +--------+--------+--------+--------+--------+-----+--------+
         Total |   4019 |   3926 |     93 |   1095 |   2379 |   4 | 1004.8 |
       Dungeon |   4019 |   3926 |     93 |   1095 |   2379 |   4 | 1004.8 |
               +--------+--------+--------+--------+--------+-----+--------+

Top non-repeatable levels by time:
     D:3: 1735 daAuts
     D:1: 1309 daAuts
     D:2: 963 daAuts
     D:4: 10 daAuts
